 Dungeon Crawl Stone Soup version 0.23-a0-582-g1b4a0ca (webtiles) character file.

81 Lanoc the Poker (level 4, -9/37 HPs)
             Began as a Merfolk Monk on Dec 16, 2018.
             Killed by divine providence
             ... invoked by an orc priest
              (12 damage)
             ... on level 3 of the Dungeon.
             The game lasted 00:06:09 (1718 turns).

Lanoc the Poker (Merfolk Monk)                      Turns: 1718, Time: 00:06:10

Health: -9/37      AC:  3    Str: 12    XL:     4   Next: 42%
Magic:  4/4        EV: 18    Int:  9    God:
Gold:   83         SH:  0    Dex: 16    Spells: 3/3 levels left

rFire    . . .     SeeInvis +   a - +0 spear
rCold    . . .     Gourm    .   (no shield)
rNeg     . . .     Faith    .   b - +0 robe
rPois    .         Spirit   .   o - +0 helmet
rElec    .         Reflect  .   (no cloak)
rCorr    .         Harm     .   (no gloves)
MR       .....                  (no boots)
Stlth    ++........             (no amulet)
HPRegen  0.12/turn              k - +3 ring of evasion
MPRegen  0.09/turn              m - ring of see invisible

@: flying
A: change form in water, swift swim, stealthy swim
a: no special abilities


You were on level 3 of the Dungeon.
You were hungry.

You visited 1 branch of the dungeon, and saw 3 of its levels.

You collected 83 gold pieces.

Inventory:

Hand Weapons
 a - a +0 spear (weapon)
Armour
 b - a +0 robe (worn)
 o - a +0 helmet (worn)
Jewellery
 k - a +3 ring of evasion (left hand)
 m - a ring of see invisible (right hand)
Scrolls
 d - a scroll of identify {unknown}
 e - a scroll of immolation {unknown}
 f - a scroll of fog {unknown}
 g - a scroll of blinking {unknown}
 h - a scroll of remove curse {unknown}
 i - 2 scrolls of teleportation {unknown}
 j - a scroll of noise {unknown}
 l - 2 scrolls of enchant armour {unknown}
Comestibles
 c - 8 rations


   Skills:
 + Level 3.8 Fighting
 * Level 5.5 Polearms
 + Level 1.2 Throwing
 + Level 4.5 Dodging
 + Level 2.9 Stealth


You had 3 spell levels left.
You didn't know any spells.
Your spell library was empty.

Dungeon Overview and Level Annotations

Branches:
Dungeon (3/15)

Altars:
Ru


Message History

Aim: an orc priest (moderately wounded)
You hit the orc priest.
The orc priest is heavily wounded.
The orc priest barely misses you.
Attack whom?
Press: ? - help, Dir - move target cursor, f/p - orc priest
Aim: an orc priest (heavily wounded)
You hit the orc priest but do no damage.
The orc priest is heavily wounded.
The orc priest mumbles some strange prayers to Beogh against you.
Pain shoots through your body!
* * * LOW HITPOINT WARNING * * *
It was a potion of flight.
You feel very buoyant.
You fly up into the air.
The orc priest completely misses you.
You hit the orc priest.
The orc priest is severely wounded.
The orc priest calls down the wrath of Beogh upon you.
Beogh smites you!
You die...

#####.####.####........
#...............######.
#.............### #######
#.....†.......# .......
#.............# .......
#.............# ###..≈.≈≈.
#.............# #.'...8.≈.
#.............###o'[.≈.8..
#..............>@)#.†≈≈.≈.
#.............#####.......
#.............# ....... ######
########.####.# ######### #.....
#.#....####......####.....
#.#.#............'........
########.#.#.#####......###......
.#.#.#.#.#.#.# #......# #......
...........#.# ######## #......


You could see an orc priest.

Vanquished Creatures
  Robin (D:2)
  An adder (D:3)
  An ooze (D:2)
  A worm (D:3)
  A dart slug (D:3)
  3 orcs (D:3)
  5 bats
  4 giant cockroaches
  6 hobgoblins
  2 jackals
  3 kobolds
  A ball python (D:1)
  3 frilled lizards
  10 goblins
  4 rats
46 creatures vanquished.

Notes
Turn   | Place    | Note
-------+----------+-------------------------------------------
     0 | D:1      | Lanoc the Merfolk Monk began the quest for the Orb.
     0 | D:1      | Reached XP level 1. HP: 18/18 MP: 1/1
   269 | D:1      | Reached XP level 2. HP: 17/24 MP: 2/2
   691 | D:2      | Reached skill level 5 in Polearms
   691 | D:2      | Reached XP level 3. HP: 28/29 MP: 3/3
   915 | D:2      | Noticed Robin
   941 | D:2      | HP: 1/29 [Robin/+0 whip (6)]
   943 | D:2      | Reached skill level 1 in Throwing
  1290 | D:2      | Killed Robin
  1387 | D:3      | Reached XP level 4. HP: 32/37 MP: 4/4
  1533 | D:3      | Found a sacrificial altar of Ru.
  1718 | D:3      | Killed from afar by an orc priest

Vault maps used:
D:1:      dpeg_arrival_windows_large_door
D:2:      uniq_robin
D:3:      old_standard_altar, first_ration, st_stairs_10,
          kennysheep_generic_room_4

Skill      XL: |  1  2  3 |
---------------+----------+-----
Polearms       | 5 |  5.5
Throwing       | 1 |  1.2
Fighting       | |  3.8
Dodging        | |  4.5
Stealth        | |  2.9

Action                   |  1- 3 |  4- 6 || total
-------------------------+-------+-------++-------
Melee: Spear             |   146 |    48 ||   194
  Use: Potion            |       |     1 ||     1
 Stab: Sleeping          |     7 |     3 ||    10
       Distracted        |     1 |       ||     1
  Eat: Chunk             |     2 |       ||     2
Armor: Robe              |    17 |     3 ||    20
Dodge: Dodged            |    75 |    17 ||    92

Table legend:
 A = Non-vault XP
 B = Vault XP
 C = Vault XP percentage of total XP
 D = Non-vault monster count
 E = Vault monster count
 F = Vault count percentage of total count
                 A         B        C        D         E       F
            +---------+---------+-------+---------+---------+-------
      Total |      86 |      31 |  26.5 |      36 |      10 |  21.7
            +---------+---------+-------+---------+---------+-------
        D:1 |      28 |       0 |   0.0 |      17 |       0 |   0.0
        D:2 |      19 |      27 |  58.7 |       9 |       7 |  43.8
        D:3 |      39 |       4 |   9.3 |      10 |       3 |  23.1
            +---------+---------+-------+---------+---------+-------
